 Dungeon Crawl Stone Soup version 0.24-a0-271-ga0fc33f (webtiles) character file.

Game seed: 883915012143458175

58 Gunnerkreig the Sneak (level 4, 0/28 HPs)
             Began as an Octopode Wizard on Apr 24, 2019.
             Succumbed to an adder's poison
             ... on level 2 of the Dungeon.
             The game lasted 00:03:03 (1280 turns).

Gunnerkreig the Sneak (Octopode Wizard)             Turns: 1280, Time: 00:03:03

Health: 0/28       AC:  1    Str:  6    XL:     4   Next: 1%
Magic:  3/9        EV: 13    Int: 26    God:
Gold:   49         SH:  0    Dex: 10    Spells: 8/9 levels left

rFire    . . .     SeeInvis .   k - +0 dagger
rCold    . . .     Gourm    .   (no shield)
rNeg     . . .     Faith    .   a - +0 hat
rPois    .         Spirit   .   f - amulet of magic regeneration
rElec    .         Reflect  .   (no ring)
rCorr    .         Harm     .   (no ring)
MR       .....                  (no ring)
Stlth    +++.......             (no ring)
HPRegen  0.09/turn              (no ring)
MPRegen  0.36/turn              (no ring)
                                (no ring)
                                (no ring)

@: brilliant, lethally poisoned (0 -> -10)
A: almost no armour, stealthy swim, amphibious, 8 rings, constrict 8, camouflage
1, gelatinous body 1
a: no special abilities


You were on level 2 of the Dungeon.
You were not hungry.

You visited 1 branch of the dungeon, and saw 2 of its levels.

You collected 49 gold pieces.

Inventory:

Hand Weapons
 k - a +0 dagger (weapon)
Missiles
 j - 27 stones (quivered)
Armour
 a - a +0 hat (worn)
Jewellery
 f - an amulet of magic regeneration (around mantle)
 g - an uncursed ring of fire
Scrolls
 b - 2 scrolls of teleportation {unknown}
 e - 2 scrolls of magic mapping {unknown}
 h - a scroll of fog {unknown}
Comestibles
 c - 4 rations
 i - a chunk of flesh


   Skills:
 + Level 1.4 Fighting
 - Level 2.0 Dodging
 + Level 3.7 Stealth
 + Level 3.4 Spellcasting
 + Level 1.9 Conjurations
   Level 1.0 Summonings
   Level 1.0 Translocations


You had 8 spell levels left.
You knew the following spells:

 Your Spells              Type           Power        Failure   Level  Hunger
a - Magic Dart            Conj           ####         1%          1    None

Your spell library contained the following spells:

 Spells                   Type           Power        Failure   Level  Hunger
 Blink                    Tloc           N/A          1%          2    #......
 Call Imp                 Summ           ####....     1%          2    #......
 Slow                     Hex            ###.....     1%          2    #......
 Conjure Flame            Conj/Fire      ####....     2%          3    ###....
 Mephitic Cloud           Conj/Pois/Air  ###.....     2%          3    ###....


Dungeon Overview and Level Annotations

Branches:
Dungeon (2/15)

Altars:


Innate Abilities, Weirdness & Mutations

You cannot wear most types of armour.
You are very stealthy in the water. (Stealth+)
You are amphibious.
You can wear up to eight rings at the same time.
You can use your tentacles to constrict eight enemies at once.
Your skin changes colour to match your surroundings (Stealth+).
Your rubbery body absorbs attacks. (AC +1, EV +1)


Message History

The adder poisons you!
Casting: Magic Dart (safe; 1% risk of failure)
Confirm with . or Enter, or press ? or * to list all spells.
Aiming: Magic Dart (safe; 1% risk of failure)
Press: ? - help, Shift-Dir - straight line, f/p - adder
Aim: an adder (heavily wounded)
The magic dart hits the adder!
You kill the adder!
You have reached level 4!
* * * LOW HITPOINT WARNING * * *
You feel sick.
Wield which item (- for none, * to show all)? (? for menu, Esc to quit)
Okay, then.
Okay, then.
Okay, then.
You aren't carrying any potions.
* * * LOW HITPOINT WARNING * * *
You feel sick.
Okay, then.
You die...

#.##.♣.♣ ..##.♣.♣
#####.♣.♣ ##### #.♣.♣
##...####♣.♣ ###.....#
#.# ........# #.######
..#####.....# #......#
.......@..†######.###.#
######+##.........#
#†.######.# #..# #...
#.## ###.# #.. ... #..
### #.. #...


There were no monsters in sight!

Vanquished Creatures
  3 adders (D:2)
  A worm (D:2)
  3 dart slugs
  A leopard gecko (D:1)
  2 giant cockroaches
  A goblin (D:1)
  2 hobgoblins (D:1)
  3 bats (D:1)
  A frilled lizard (D:1)
  3 kobolds
  2 rats (D:1)
22 creatures vanquished.

Notes
Turn   | Place    | Note
-------+----------+-------------------------------------------
     0 | D:1      | Gunnerkreig the Octopode Wizard began the quest for the
                  | Orb.
     0 | D:1      | Reached XP level 1. HP: 11/11 MP: 4/4
   232 | D:1      | Reached XP level 2. HP: 18/18 MP: 0/6
  1175 | D:2      | Reached skill level 1 in Fighting
  1190 | D:2      | Reached XP level 3. HP: 23/23 MP: 2/7
  1278 | D:2      | Reached XP level 4. HP: 3/28 MP: 2/9
  1279 | D:2      | HP: 1/28 [poisoned by an adder]
  1280 | D:2      | Succumbed to an adder's poison

Levels and vault maps discovered:
D:1:      minmay_arrival_widening_spiral_wide, layout_basic
D:2:      layout_loops_ring, first_ration, serial_forest,
          infiniplex_forest_clump_diagonal, infiniplex_forest_clump_long,
          infiniplex_forest_clump_double, infiniplex_forest_straight_2,
          infiniplex_forest_end_3, infiniplex_forest_straight_3,
          infiniplex_forest_lined_room_2, minivault_25, serial_bayou_pond_a,
          minmay_misc_feat_chi

Skill      XL: |  1  2 |
---------------+-------+-----
Stealth        | 3 |  3.7
Fighting       | 1 |  1.4
Dodging        | |  2.0
Spellcasting   | |  3.4
Conjurations   | |  1.9
Summonings     | |  1.0
Translocations | |  1.0

Action                   |  1- 3 |  4- 6 || total
-------------------------+-------+-------++-------
Melee: Unarmed           |    13 |       ||    13
       Constrict         |     6 |       ||     6
       Dagger            |     2 |       ||     2
       Tentacles         |     2 |       ||     2
 Cast: Magic Dart        |    62 |     1 ||    63
  Use: Potion            |     1 |       ||     1
  Eat: Chunk             |     1 |       ||     1
Armor: Skin              |     3 |       ||     3
Dodge: Dodged            |    19 |       ||    19

Table legend:
 A = Non-vault XP
 B = Vault XP
 C = Vault XP percentage of total XP
 D = Non-vault monster count
 E = Vault monster count
 F = Vault count percentage of total count
                 A         B        C        D         E       F
            +---------+---------+-------+---------+---------+-------
      Total |      83 |       0 |   0.0 |      22 |       0 |   0.0
            +---------+---------+-------+---------+---------+-------
        D:1 |      29 |       0 |   0.0 |      15 |       0 |   0.0
        D:2 |      54 |       0 |   0.0 |       7 |       0 |   0.0
            +---------+---------+-------+---------+---------+-------
